Map: Para Site LE

Players

ArcticKinger

  • Race: Zerg Zerg
  • League: Platinum
  • Spawn Location: 5:00

Mesrob - Winner!

  • Race: Terran Terran
  • League: Gold
  • Spawn Location: 11:00

VOD

Have the link to the VOD?

Description

Time

  • Played on: Jan. 16, 2019, 8:31 p.m.
  • Length: 13:54
Show
View Real Time Build Order
Export as new Build Order

ArcticKinger Zerg 

Build Orders: Pool First, Muta Ling Bane 

Get SALT Encoding   

  12  0:00  Drone  
  13  0:12  Overlord  
  13  0:16  Drone  
  14  0:31  Drone x2  
  14  0:35  Drone  
  17  0:45  Spawning Pool  
  16  0:50  Extractor, Drone  
  16  0:56  Drone  
  17  1:14  Drone  
  18  1:20  Hatchery  
  18  1:24  Drone  
  18  1:30  Drone  
  19  1:39  Queen  
  21  1:47  Overlord  
  21  1:51  Drone  
  22  2:05  Drone  
  23  2:11  Drone  
  24  2:27  Extractor  
  23  2:32  Queen  
  23  2:34  Drone x3  
  28  2:45  Drone  
  28  2:46  Drone  
  30  2:54  Drone x2  
  30  2:55  Drone  
  30  2:57  Overlord  
  33  3:01  Drone  
  33  3:04  Drone  
  35  3:11  Metabolic Boost  
  35  3:15  Queen  
  35  3:16  Roach Warren  
  35  3:17  Drone  
  35  3:19  Drone  
  38  3:22  Zergling x6  
  38  3:26  Zergling x2  
  42  3:39  Overlord x2  
  42  3:48  Hatchery  
  41  3:55  Drone  
  41  3:56  Drone x2  
  41  3:59  Drone x2  
  46  4:15  Overlord  
  46  4:17  Drone x3  
  46  4:18  Drone x2  
  46  4:24  Extractor  
  50  4:27  Extractor  
  49  4:34  Roach x3  
  49  4:36  Evolution Chamber  
  54  4:39  Evolution Chamber  
  53  4:50  Lair  
  53  4:55  Roach x3  
  59  5:01  Baneling Nest  
  58  5:24  Drone x4  
  58  5:25  Roach x2  
  58  5:28  Overlord x4  
  66  5:47  Drone x3  
  66  5:48  Drone  
  70  5:52  Drone x2  
  72  5:58  Roach  
  72  5:59  Spire, Roach x6  
  72  6:00  Roach  
  87  6:06  Glial Reconstitution  
  87  6:09  Zerg Missile Weapons Level 1, Zerg Ground Armor Level 1  
  87  6:21  Drone x5  
  92  6:28  Roach x2  
  92  6:29  Roach  
  92  6:31  Overlord x2  
  98  6:33  Overlord  
  98  6:35  Overlord  
  94  7:07  Hatchery, Centrifical Hooks  
  93  7:11  Mutalisk x6  
  93  7:12  Mutalisk  
  107  7:29  Zerg Flyer Weapons Level 1  
  107  7:48  Mutalisk x3  
  113  7:54  Extractor  
  113  7:55  Drone x5  
  113  7:57  Extractor, Zergling x8  
  113  7:58  Zergling x10  
  123  7:59  Zergling x10  
  123  8:03  Overlord x4  
  130  8:17  Infestation Pit  
  129  8:32  Drone x5  
  134  8:36  Queen  
  134  8:38  Drone x3  
  134  8:39  Drone x4  
  134  8:40  Overlord  
  134  8:41  Overlord x2  
  143  8:42  Overlord x2  
  143  8:44  Drone  
  143  8:46  Drone  
  145  8:59  Zerg Missile Weapons Level 2  
  145  9:00  Zerg Ground Armor Level 2  
  145  9:08  Hive  
  145  9:41  Mutalisk  
  145  9:42  Mutalisk x5  
  145  9:43  Mutalisk x4  
  111  10:06  Zergling x24  
  111  10:07  Zergling x2  
  106  10:19  Queen  
  106  10:20  Hatchery  
  107  10:24  Ultralisk Cavern  
  106  10:30  Roach x4  
  106  10:31  Roach x4  
  122  10:47  Roach x2  
  122  10:48  Roach x6  
  122  10:49  Roach x4  
  146  11:16  Zerg Melee Weapons Level 1  
  146  11:19  Extractor  
  146  11:20  Extractor  
  146  11:21  Chitinous Plating  
  144  11:35  Zergling x18  
  144  11:36  Zergling x20  
  150  12:09  Greater Spire  
  150  12:16  Drone x5  
  150  12:17  Drone  
  156  12:47  Ultralisk x2  
  156  12:48  Ultralisk x5  
Show
View Real Time Build Order
Export as new Build Order

Mesrob Terran - Winner!

Build Orders: Mech 

Get SALT Encoding   

  12  0:00  SCV  
  13  0:12  SCV  
  14  0:17  Supply Depot  
  14  0:25  SCV  
  15  0:38  SCV  
  15  0:40  Barracks  
  16  0:45  Refinery  
  16  0:50  SCV  
  17  1:03  SCV  
  18  1:15  SCV  
  19  1:27  Orbital Command  
  19  1:37  Command Center  
  19  1:39  Marine  
  20  1:53  Bunker  
  20  1:57  SCV  
  21  2:06  Factory  
  21  2:09  SCV  
  22  2:16  Barracks Tech Lab  
  22  2:24  Supply Depot  
  22  2:38  Engineering Bay, SCV  
  23  2:47  Supply Depot  
  23  2:50  SCV  
  24  2:57  Siege Tank  
  27  3:01  Orbital Command  
  27  3:05  SCV  
  28  3:07  Refinery  
  28  3:17  SCV  
  28  3:18  Supply Depot  
  29  3:29  SCV  
  30  3:35  Siege Tank  
  30  3:41  Refinery, SCV  
  33  3:42  Supply Depot, SCV  
  35  3:54  SCV x2  
  37  3:58  Marine  
  38  4:04  Missile Turret  
  38  4:05  Supply Depot  
  38  4:06  SCV  
  38  4:07  SCV  
  38  4:08  Missile Turret  
  40  4:12  Siege Tank  
  43  4:19  SCV  
  44  4:28  Missile Turret  
  44  4:29  Command Center  
  44  4:36  SCV  
  45  4:41  Refinery, SCV  
  46  4:48  SCV  
  46  4:50  Armory  
  47  4:53  SCV  
  48  5:01  SCV  
  48  5:02  Siege Tank  
  48  5:05  SCV  
  53  5:13  Missile Turret, SCV  
  54  5:17  SCV  
  55  5:27  Marine  
  56  5:35  Factory  
  56  5:37  Factory  
  56  5:39  Missile Turret  
  56  5:40  Factory, Missile Turret  
  56  5:53  Sensor Tower  
  56  5:59  SCV  
  56  6:01  Missile Turret  
  57  6:07  Planetary Fortress  
  57  6:08  Missile Turret  
  57  6:10  SCV  
  59  6:11  SCV  
  59  6:19  Refinery  
  59  6:22  Sensor Tower  
  59  6:23  SCV x2  
  59  6:25  Factory Reactor x2, Missile Turret  
  61  6:26  Factory Tech Lab  
  61  6:29  Missile Turret  
  61  6:34  Factory  
  61  6:35  SCV  
  62  6:45  Refinery  
  62  6:46  SCV x2  
  64  6:49  Marine, Missile Turret  
  65  7:00  SCV x2  
  68  7:01  SCV  
  68  7:19  Thor  
  68  7:20  Thor  
  68  7:21  Hellbat x2  
  68  7:22  Hellbat x2  
  88  7:23  Factory Tech Lab  
  88  7:27  Factory  
  88  7:45  Command Center  
  88  7:48  SCV  
  88  7:49  SCV x2  
  91  8:00  SCV  
  91  8:04  Supply Depot  
  92  8:16  Terran Vehicle Weapons Level 1  
  92  8:17  Hellbat, Thor  
  92  8:19  Factory Tech Lab  
  100  8:26  Hellbat x3  
  106  8:27  Supply Depot  
  106  8:28  Factory  
  106  8:32  Supply Depot  
  106  8:36  SCV x3  
  109  8:48  SCV x2, Thor  
  109  8:49  Supply Depot  
  109  8:53  Thor  
  109  8:54  Supply Depot  
  123  8:58  Missile Turret  
  123  9:03  Armory  
  123  9:06  SCV x3  
  126  9:16  Supply Depot x2  
  126  9:18  SCV  
  125  9:30  Thor  
  125  9:31  Hellbat x4  
  138  9:32  Factory Reactor  
  138  9:37  Thor x2  
  148  9:40  Supply Depot  
  148  9:47  Missile Turret  
  125  10:04  Thor  
  125  10:06  Hellbat x2  
  125  10:07  Hellbat x2  
  139  10:10  Terran Vehicle And Ship Armor Level 1  
  139  10:12  Thor  
  145  10:16  Command Center, SCV x3  
  148  10:28  Sensor Tower, SCV x2  
  149  10:33  Thor  
  149  10:34  Hellbat x2  
  149  10:35  Hellbat  
  162  10:42  Supply Depot  
  162  11:04  Thor  
  162  11:05  Supply Depot  
  162  11:06  Hellbat  
  162  11:07  Hellbat  
  172  11:13  SCV  
  173  11:26  SCV x2, Thor  
  173  11:28  Hellbat, Supply Depot, SCV  
  173  11:29  Supply Depot, Missile Turret  
  184  11:35  Thor  
  184  11:38  Hellbat x2  
  184  11:39  Hellbat  
  196  11:50  Hellbat, Missile Turret  
  196  11:51  Supply Depot  
  198  11:59  Factory  
  198  12:07  Planetary Fortress  
  198  12:14  Sensor Tower  
  198  12:25  SCV x2  
  200  12:30  Command Center  
  200  12:33  Refinery  
  200  12:35  Refinery  
Tags
 
Matchup
TvZ
Opening
Pool First
Replay Pack
sc2 replays
Spawn Locations
Cross Positions
Add a new tag
Caveats
  • Supply blocks, unpowered buildings, or Contaminate may cause inaccurate times.
  • Supply counts are checked every 10 seconds.